 Dungeon Crawl Stone Soup version 0.29-a0-821-g66395355a5 (webtiles) character file.

Game seed: 6922952525974447477

79 gobodom the Trooper (level 4, 0/35 HPs)
             Began as a Demonspawn Fighter on July 8, 2022.
             Slain by Sigmund
             ... wielding a +0 scythe
              (3 damage)
             ... on level 3 of the Dungeon.
             The game lasted 00:04:50 (2591 turns).

gobodom the Trooper (Demonspawn Fighter)            Turns: 2591, Time: 00:04:50

Health: 0/35       AC: 12    Str: 18    XL:     4   Next: 17%
Magic:  4/4        EV:  9    Int:  9    God:
Gold:   90         SH:  4    Dex: 13    Spells: 3/3 levels left

rFire   . . .      SeeInvis .   a - +0 war axe
rCold   . . .      Faith    .   c - +0 buckler
rNeg    . . .      Spirit   .   b - +0 scale mail
rPois   .          Reflect  .   (no helmet)
rElec   .          Harm     .   m - +0 cloak
rCorr   .          Rampage  .   (no gloves)
Will    .....                   (no boots)
Stlth   ..........              (no amulet)
HPRegen 0.11/turn               g - +4 ring of protection
MPRegen 0.09/turn               (no ring)

@: no status effects
A: hooves 1, ignite blood 1, powered by pain 1
a: no special abilities


You were on level 3 of the Dungeon.
You visited 1 branch of the dungeon, and saw 4 of its levels.

You collected 90 gold pieces.

Inventory:

Hand Weapons
 a - a +0 war axe (weapon)
Missiles
 j - 5 boomerangs (quivered)
Armour
 b - a +0 scale mail (worn)
 c - a +0 buckler (worn)
 m - a +0 cloak (worn)
Jewellery
 g - a +4 ring of protection (left hand)
Wands
 o - a wand of roots (7)
Scrolls
 e - 2 scrolls of identify {unknown}
 f - a scroll of teleportation {unknown}
 i - a scroll of enchant weapon {unknown}
 n - a scroll of acquirement {unknown}
 p - a scroll of torment {unknown}
Potions
 d - a potion of might
 h - a potion of mutation {unknown}
 k - a potion of berserk rage {unknown}
 l - a potion of haste {unknown}


   Skills:
 + Level 3.5 Fighting
 + Level 2.3(2.4) Axes
 + Level 0.7(1.7) Maces & Flails
 + Level 3.3 Armour
 + Level 0.4 Dodging
 + Level 3.0 Shields


You had 3 spell levels left.
You didn't know any spells.
Your spell library contained the following spells:

 Spells                   Type           Power      Damage    Failure   Level
 Sublimation of Blood     Necr           0%         N/A       94%         2
 Petrify                  Tmut/Erth      0%         N/A       100%        4
 Irradiate                Conj/Tmut      0%         3d13      100%        5


Dungeon Overview and Level Annotations

Branches:
Dungeon (4/15)
 Temple: D:4-7

Altars:

Annotations:
D:3 Sigmund


Innate Abilities, Weirdness & Mutations

You have large cloven feet.
Your demonic aura sometimes causes spilled blood to erupt in flames.
You sometimes gain a little power by taking damage.


Message History

You hit the quokka. The quokka barely misses you. Sigmund barely misses you.
You block the kobold's attack.
You closely miss Sigmund.
Sigmund is moderately wounded.
You barely miss the kobold. You slash the quokka!
You kill the quokka!
Sigmund hits you but does no damage. The kobold barely misses you.
You closely miss Sigmund. You kick Sigmund.
Sigmund is heavily wounded.
You slash the kobold!
You kill the kobold!
Sigmund completely misses you.
You closely miss Sigmund. You kick Sigmund, but do no damage.
Sigmund is heavily wounded.
Sigmund mumbles some strange words.
Sigmund flickers and vanishes!
Deactivating autopickup; reactivate with Ctrl-A.
A dart slug comes into view.
You barely miss something. Your kick misses something. Something hits you!
You miss something. Your kick misses something. Something hits you.
You miss something. Your kick misses something.
You hear some strange, mumbled words.
A magic dart appears from out of thin air!
The magic dart hits you. The dart slug launches a dart at you.
The slug dart hits you.
You miss something.
You hear some strange, mumbled words.
A magic dart appears from out of thin air!
The magic dart hits you.
* * * LOW HITPOINT WARNING * * *
Something hits you.
* * * LOW HITPOINT WARNING * * *
The dart slug launches a dart at you.
The slug dart hits you but does no damage.
Aiming: Fastroot
Press: ? - help, Q - select action, (/) - cycle Shift-Dir - straight line The roots erupt in riotous growth!
Something hits you.
You die...

. . #.# .###. ..# ###
#.# .?.# #. .....# #.#
#..# #.. ..#.# #.#
..#####...#.#.# #.#
..##.......#.#.#.# #.#
....<..# ........# #.#
.##.##.# #...{# #.# #.
.. #..)@#####.########
## ..K
#.w†...............
.......##.#.##########
#..##.. #.#.# .......
..#.# # .##..##.#.# ..
... #.#.# # .... ....#
###. #.###


You could see a dart slug.

Vanquished Creatures
  2 adders (D:2)
  A worm (D:2)
  A dart slug (D:1)
  An orc (D:4)
  6 bats
  5 endoplasms
  2 giant cockroaches
  6 hobgoblins
  5 kobolds
  4 quokkas
  5 ball pythons
  2 frilled lizards
  6 goblins
  3 rats (D:1)
49 creatures vanquished.

Notes
Turn   | Place    | Note
-------+----------+-------------------------------------------
     0 | D:1      | gobodom the Demonspawn Fighter began the quest for the Orb.
     0 | D:1      | Reached XP level 1. HP: 18/18 MP: 1/1
   546 | D:1      | Gained mutation: Your demonic aura sometimes causes spilled
                  | blood to erupt in flames. [demonic ancestry]
   546 | D:1      | Reached XP level 2. HP: 16/24 MP: 2/2
  1154 | D:1      | Gained mutation: You sometimes gain a little power by
                  | taking damage. [demonic ancestry]
  1154 | D:1      | Reached XP level 3. HP: 29/29 MP: 3/3
  2057 | D:2      | Gained mutation: You have large cloven feet. [demonic
                  | ancestry]
  2057 | D:2      | Reached XP level 4. HP: 30/35 MP: 4/4
  2422 | D:3      | You fall into a shaft and drop 1 floor!
  2578 | D:3      | Noticed Sigmund
  2591 | D:3      | Slain by Sigmund

Illustrated notes

Levels and vault maps discovered:
D:1:      nicolae_arrival_somewhat_less_tricky_arrival, layout_basic
D:2:      layout_rooms, chequers_serial_rivers_micro_e
D:3:      layout_loops_ring, zin_purify, uniq_sigmund
D:4:      layout_basic, temple_doors_e, uniq_grinder

Skill      XL: |  1  2  3 |
---------------+----------+-----
Axes           | 2 |  2.3
Armour         | 3 |  3.3
Shields        | 3 |  3.0
Fighting       | |  3.5
Maces & Flails | |  0.7
Dodging        | |  0.4

Action                   |  1- 3 |  4- 6 || total
-------------------------+-------+-------++-------
Melee: Flail             |    61 |       ||    61
       War axe           |    64 |    19 ||    83
       Kick              |       |     5 ||     5
Evoke: Wand              |       |     1 ||     1
Armor: Scale mail        |    79 |     8 ||    87
Dodge: Dodged            |    71 |    10 ||    81
Block: Buckler           |    38 |     3 ||    41

Table legend: (Time is in decaauts)
 A = Elapsed time spent in this place.
 B = Non-inter-level travel time spent in this place.
 C = Inter-level travel time spent in this place.
 D = Time resting spent in this place.
 E = Time spent auto-exploring this place.
 F = Levels seen in this place.
 G = Mean time per level.
                   A        B        C        D        E       F      G
               +--------+--------+--------+--------+--------+-----+--------+
         Total |   2647 |   2562 |     85 |    379 |   1730 |   4 |  661.8 |
       Dungeon |   2647 |   2562 |     85 |    379 |   1730 |   4 |  661.8 |
               +--------+--------+--------+--------+--------+-----+--------+

Top non-repeatable levels by time:
     D:1: 1378 daAuts
     D:2: 1095 daAuts
     D:3: 114 daAuts
     D:4: 58 daAuts
